AoeStats
← Mad King

Golden Pit

503168478Analyzed
1v1 RM · 11d ago on Aug 30, 2026· 43m 10s· 2 players
Game mode
Random Map
Map size
Tiny (2 player)
Population
200
Speed
Normal
Resources
Standard
Victory
Conquest
Starting age
Dark Age
Ending age
Imperial Age
RankedLock teamsTeams togetherTeam positionsShared explorationLock speedFull tech treeHidden civsTurbo modeCheats
Victory
Defeat
🇦🇹 Byzantines · Austria
565
+17
🇪🇸 Byzantines · Spain
581
-28
Mad King
11:16 Feudal Age
15:38 Double-Bit Axe
23:21 Castle Age
23:34 Pikeman
23:37 Elite Skirmisher
26:00 Forging
25:40 Fletching
28:59 Bow Saw
36:25 Thumb Ring
39:53 Imperial Age
38:48 Bodkin Arrow
39:29 Iron Casting
Rhaeros
3:11 Loom
10:40 Feudal Age
11:19 Double-Bit Axe
11:26 Horse Collar
18:38 Wheelbarrow
25:18 Castle Age
30:11 Heavy Plow
30:26 Bow Saw
30:11 Gold Mining
30:17 Stone Mining
29:53 Elite Skirmisher
31:52 Hand Cart
31:46 Pikeman
42:48 Imperial Age
41:10 Husbandry
40:30 Light Cavalry
43:32 Stone Shaft Mining
43:33 Gold Shaft Mining
43:11 Thumb Ring
Connection lost

Rejoining the realm…

Still unreachable

The connection could not be restored.

Session expired

The server has moved on; the page needs a fresh start.